 Dungeon Crawl Stone Soup version 0.28.0-43-g3370ac3207 (console) character file.

Game seed: 8157701331382196630

9 Zeor the Slasher (level 2, -3/24 HPs)
             Began as a Vine Stalker Berserker on Mar 24, 2022.
             Was a Follower of Trog.
             Slain by a kobold
             ... wielding a +0 club
              (4 damage)
             ... on level 1 of the Dungeon.
             The game lasted 00:00:40 (296 turns).

Zeor the Slasher (Vine Stalker Berserker)            Turns: 296, Time: 00:00:41

Health: -3/24      AC:  2    Str: 19    XL:     2   Next: 16%
Magic:  0/3        EV:  9    Int:  7    God:    Trog [*.....]
Gold:   0          SH:  0    Dex: 13    Spells: 1/1 levels left

rFire   . . .      SeeInvis .   a - +0 falchion
rCold   . . .      Faith    .   (no shield)
rNeg    . . .      Spirit   +   b - +0 animal skin
rPois   .          Reflect  .   (no helmet)
rElec   .          Harm     .   (no cloak)
rCorr   .          Rampage  .   (no gloves)
Will    .....                   (no boots)
Stlth   ..........              (no amulet)
HPRegen 0.08/turn               (no ring)
MPRegen 0.08/turn               (no ring)

@: berserking, constricted, very quick
A: fangs 2, magic shield, antimagic bite, no potion heal 2
a: Renounce Religion, Berserk


You were on level 1 of the Dungeon.
You worshipped Trog.
Trog was aware of your devotion.
You visited 1 branch of the dungeon, and saw 1 of its levels.

Inventory:

Hand Weapons
 a - a +0 falchion (weapon)
Armour
 b - a +0 animal skin (worn)
Scrolls
 d - 2 scrolls of immolation {unknown}
Potions
 c - 2 potions of attraction {unknown}


   Skills:
 + Level 2.9 Fighting
 * Level 3.0 Long Blades
 + Level 1.6 Armour
 + Level 1.6 Dodging


You had one spell level left.
You didn't know any spells.
Your spell library was empty.

Dungeon Overview and Level Annotations

Branches:
Dungeon (1/15)

Altars:


Innate Abilities, Weirdness & Mutations

You have extremely sharp teeth.
When hurt, damage is shared between your health and your magic reserves.
Your bite disrupts and absorbs the magic of your enemies.
Potions cannot restore your health.


Message History

The goblin is heavily wounded.
The goblin barely misses you.
A ball python comes into view.
Found 24 bolts.
The goblin hits you but does no damage.
The ball python hisses angrily.
You hit the goblin.
You kill the goblin!
Trog accepts your kill.
The kobold throws a stone.
The stone closely misses you. The kobold barely misses you.
You see here a +0 dagger.
You hit the kobold.
The kobold is heavily wounded.
The kobold hits you with a +0 club.
You barely miss the kobold.
The kobold is heavily wounded.
The hobgoblin misses you. The kobold barely misses you.
You hit the hobgoblin.
The hobgoblin is heavily wounded.
The hobgoblin hits you. The kobold hits you with a +0 club.
You hit the hobgoblin but do no damage.
You bite the hobgoblin, but do no damage.
The hobgoblin is heavily wounded.
The ball python closely misses you. The ball python grabs you.
The ball python constricts you. The hobgoblin hits you.
The kobold barely misses you. The ball python misses you.
The ball python constricts you.
You hit the hobgoblin but do no damage.
The hobgoblin is heavily wounded.
The hobgoblin hits you. The kobold hits you with a +0 club.
* * * LOW HITPOINT WARNING * * *
The ball python closely misses you. The ball python constricts you.
* * * LOW HITPOINT WARNING * * *
Unknown command.
A red film seems to cover your vision as you go berserk!
You feel yourself moving faster!
You feel mighty! The hobgoblin hits you.
* * * LOW HITPOINT WARNING * * *
The kobold hits you with a +0 club.
You die... ∙∙∙∙∙∙ ∙∙∙∙∙∙∙

▒∙∙∙∙∙▒∙∙∙∙∙(∙ ▒▒
▒▒∙∙∙∙∙▒∙∙∙∙∙∙∙
)∙▒▒▒∙∙S∙∙∙∙▒∙∙∙∙∙∙∙ ▒∙
▒▒S▒?▒▒∙∙∙∙∙▒∙∙∙∙∙∙∙∙▒ ∙∙
▒∙∙l∙∙▒∙∙∙∙∙∙∙∙∙∙∙∙∙∙▒∙∙∙▒
∙∙∙∙∙∙g▒
▒l∙∙∙∙∙∙∙∙∙▒∙▒∙)▒▒ ▒∙∙∙∙▒
▒S∙∙∙∙∙∙∙∙▒∙▒∙▒∙▒∙
▒∙∙∙∙▒▒▒f▒∙∙∙∙∙∙∙∙▒∙▒∙▒∙▒
▒∙∙∙∙∙∙Kg▒∙∙∙∙∙∙∙▒∙▒∙≈≈≈≈
▒▒∙▒▒▒∙∙▒▒∙∙∙∙∙∙∙∙▒∙▒≈∙<∙
▒▒∙▒▒▒∙∙▒▒∙∙∙∙∙∙∙▒∙▒∙≈∙∙∙
∙∙∙∙∙∙∙∙∙∙∙∙∙∙∙∙∙∙∙▒∙▒≈∙∙∙
∙∙∙∙▒▒▒∙∙▒▒∙∙▒∙∙)∙▒∙▒∙≈≈≈≈
∙∙ ▒∙∙∙∙▒∙∙▒▒∙∙∙∙∙▒∙▒∙▒∙▒
∙∙∙∙∙∙∙∙∙▒▒▒∙∙∙∙▒∙▒∙▒∙▒∙
∙∙∙∙∙∙▒▒▒∙ ▒∙∙∙∙∙∙▒▒▒∙▒▒


You could see a hobgoblin, a ball python, a kobold and a frilled lizard.

Vanquished Creatures
  A bat (D:1)
  3 goblins (D:1)
  A hobgoblin (D:1)
  A quokka (D:1)
  A kobold (D:1)
  A rat (D:1)
8 creatures vanquished.

Notes
Turn   | Place    | Note
-------+----------+-------------------------------------------
     0 | D:1      | Zeor the Vine Stalker Berserker began the quest for the
                  | Orb.
     0 | D:1      | Reached XP level 1. HP: 11/11 MP: 2/2
    61 | D:1      | Reached skill level 3 in Long Blades
    61 | D:1      | Reached XP level 2. HP: 5/16 MP: 3/3
   296 | D:1      | HP: 1/24 [hobgoblin (2)]
   296 | D:1      | Slain by a kobold

Illustrated notes

Levels and vault maps discovered:
D:1:      ncdulo_watergridlock, layout_rooms,
          shapermc_ecumenical_altar_flowoftime, ebering_dispersal_statue_hall,
          minmay_tall_x

Skill      XL: |  1 |
---------------+----+-----
Long Blades    | 3 |  3.0
Fighting       | |  2.9
Armour         | |  1.6
Dodging        | |  1.6

Action                   || total
-------------------------++-------
Melee: Falchion          ||    31
       Bite              ||     7
Invok: Berserk           ||     1
Armor: Animal skin       ||     4
Dodge: Dodged            ||    25
